 Dungeon Crawl Stone Soup version 0.28-a0-1190-g77e1c55843 (webtiles) character file.

Game seed: 1132691701403275161

327 bande the Covered (level 6, 0/38 HPs)
             Began as a Gargoyle Fighter on Dec 19, 2021.
             Slain by a wight (1 damage)
             ... on level 6 of the Dungeon.
             The game lasted 00:03:29 (2740 turns).

bande the Covered (Gargoyle Fighter)                Turns: 2740, Time: 00:03:29

Health: 0/38       AC: 11    Str: 20    XL:     6   Next: 50%
Magic:  6/6        EV:  9    Int:  8    God:
Gold:   18         SH:  4    Dex: 11    Spells: 5/5 levels left

rFire   . . .      SeeInvis .   a - +0 war axe
rCold   . . .      Faith    .   c - +0 buckler
rNeg    + . .      Spirit   .   b - +0 scale mail
rPois   ∞          Reflect  .   (no helmet)
rElec   +          Harm     .   (no cloak)
rCorr   .          Rampage  .   (no gloves)
Will    .....                   (no boots)
Stlth   ..........              (no amulet)
HPRegen 0.12/turn               (no ring)
MPRegen 0.10/turn               (no ring)

@: mighty, brilliant
A: sickness immunity, AC +4, negative energy resistance 1, electricity
resistance, torment resistance 1, petrification resistance
a: no special abilities


You were on level 6 of the Dungeon.
You visited 1 branch of the dungeon, and saw 4 of its levels.

You collected 18 gold pieces.

Inventory:

Hand Weapons
 a - a +0 war axe (weapon)
Armour
 b - a +0 scale mail (worn)
 c - a +0 buckler (worn)
Scrolls
 g - a scroll of acquirement {unknown}
Potions
 f - a potion of brilliance


   Skills:
 + Level 4.1 Fighting
 + Level 4.3 Axes
 + Level 4.8 Armour
 - Level 0.2 Dodging
 - Level 0.4 Stealth
 + Level 3.9 Shields


You had 5 spell levels left.
You didn't know any spells.
Your spell library was empty.

Dungeon Overview and Level Annotations

Branches:
Dungeon (3/15)

Altars:

Shops:
D:6 *

Annotations:
D:6 Dowan


Innate Abilities, Weirdness & Mutations

You are immune to sickness and miasma.
Your stone body is resilient. (AC +4)
You are immune to poison.
You resist negative energy. (rN+)
You are resistant to electric shocks. (rElec)
You are resistant to unholy torment.
You are immune to petrification.


Message History

It was a potion of brilliance.
You feel clever all of a sudden. Duvessa hits you but does no damage.
Dowan hits you but does no damage.
You feel very mighty all of a sudden. Duvessa completely misses you.
Duvessa gestures with her weapon.
Duvessa hits you with a +0 short sword.
* * * LOW HITPOINT WARNING * * *
Dowan hits you with a +0 dagger.
* * * LOW HITPOINT WARNING * * *
You barely miss Dowan. You hit Duvessa. Duvessa hits you but does no damage.
A wight comes into view. It is wielding a +2 scimitar.
Dowan gestures wildly while chanting.
Dowan blinks!
Duvessa closely misses you.
Unknown command.
You slice Duvessa!!
You kill Duvessa!
Dowan screams, "No!
Oh no!"
Dowan seems to find hidden reserves of power!
You barely miss the adder.
The sentinel's mark upon you fades away.
The adder barely misses you.
A wight comes into view. It is wielding a +8 spear.
The adder bites you but does no damage.
Your Fighting skill increases to level 4!
Your Axes skill increases to level 4!
You have reached level 6!
You barely miss Dowan. You slash the adder!
You kill the adder!
The wight barely misses you. Dowan closely misses you.
Dowan casts a spell at you. The stone arrow misses you.
The wight hits you from afar with a +2 trident.
* * * LOW HITPOINT WARNING * * *
A wight comes into view. It is wielding a +0 flail.
As you read the scroll labelled KUXINIPIFU, it crumbles to dust.
The creatures around you are filled with an inner flame!
It was a scroll of immolation.
Dowan hits you but does no damage.
The wight hits you from afar with a +2 trident.
You die...

#........##.
#.##.....# #
#.########
#.### #.# ...
#.#
##.########.#
#........##.#
#.≈.†)#..##.#
#....@e..##.#
#...∩.†.....#
#....zz.#####
#.§..z≈.#
#.......#
###..#..#
#.....z
########


You could see Dowan (fast, inner flame) and 4 wights.

Vanquished Creatures
  Duvessa (D:6)
  An ogre (D:2)
  A centaur zombie (D:6)
  An iguana (D:6)
  3 adders
  A worm (D:2)
  2 dart slugs
  8 bats
  10 endoplasms
  2 giant cockroaches (D:2)
  5 goblins
  3 hobgoblins
  3 kobolds
  4 ball pythons
  3 frilled lizards (D:1)
  4 rats
52 creatures vanquished.

Vanquished Creatures (others)
  A fungus (D:1)
  5 plants
6 creatures vanquished.

Grand Total: 58 creatures vanquished

Notes
Turn   | Place    | Note
-------+----------+-------------------------------------------
     0 | D:1      | bande the Gargoyle Fighter began the quest for the Orb.
     0 | D:1      | Reached XP level 1. HP: 14/14 MP: 1/1
    54 | D:1      | Reached XP level 2. HP: 3/19 MP: 2/2
   461 | D:1      | Found a faded altar of an unknown god.
   705 | D:1      | Reached XP level 3. HP: 22/23 MP: 3/3
  1957 | D:2      | Reached XP level 4. HP: 28/28 MP: 4/4
  2153 | D:2      | Noticed an ogre
  2496 | D:2      | Killed an ogre
  2497 | D:2      | Reached XP level 5. HP: 31/33 MP: 5/5
  2686 | D:3      | You fall into a shaft and drop 3 floors!
  2698 | D:6      | Found Hisiob's Elemental Accessories.
  2727 | D:6      | Noticed Duvessa
  2728 | D:6      | Noticed Dowan
  2738 | D:6      | Killed Duvessa
  2739 | D:6      | Reached XP level 6. HP: 4/38 MP: 6/6
  2739 | D:6      | HP: 1/38 [wight (4)]
  2740 | D:6      | Slain by a wight

Illustrated notes

Levels and vault maps discovered:
D:1:      minmay_arrival_split_and_join, layout_rooms,
          shapermc_ecumenical_altar_mp_ritualfount
D:2:      layout_basic, serial_forest, infiniplex_forest_clump_small,
          infiniplex_forest_clump_tiny, infiniplex_forest_fountain,
          infiniplex_forest_clump_cross, infiniplex_forest_straight_3,
          chequers_serial_rivers_marsh
D:3:      layout_rooms, uniq_sigmund, uniq_grinder, uniq_pargi
D:6:      kennysheep_slugbush, layout_loops_ring, nicolae_elemental_shop,
          uniq_duvessa, uniq_menkaure

Skill      XL: |  1  2  3  4  5 |
---------------+----------------+-----
Axes           | 2 3 4 |  4.3
Armour         | 4 |  4.8
Fighting       | 4 |  4.1
Dodging        | |  0.2
Stealth        | |  0.4
Shields        | |  3.9

Action                   |  1- 3 |  4- 6 || total
-------------------------+-------+-------++-------
Melee: War axe           |   107 |    51 ||   158
  Use: Scroll            |     5 |     2 ||     7
       Potion            |       |     4 ||     4
Armor: Scale mail        |    62 |    42 ||   104
Dodge: Dodged            |    48 |    29 ||    77
Block: Buckler           |    24 |    14 ||    38

Table legend: (Time is in decaauts)
 A = Elapsed time spent in this place.
 B = Non-inter-level travel time spent in this place.
 C = Inter-level travel time spent in this place.
 D = Time resting spent in this place.
 E = Time spent auto-exploring this place.
 F = Levels seen in this place.
 G = Mean time per level.
                   A        B        C        D        E       F      G
               +--------+--------+--------+--------+--------+-----+--------+
         Total |   2805 |   2751 |     54 |    663 |   1667 |   4 |  701.2 |
       Dungeon |   2805 |   2751 |     54 |    663 |   1667 |   4 |  701.2 |
               +--------+--------+--------+--------+--------+-----+--------+

Top non-repeatable levels by time:
     D:1: 1592 daAuts
     D:2: 1128 daAuts
     D:6: 61 daAuts
     D:3: 21 daAuts
